 Dungeon Crawl Stone Soup version 0.29-a0-1019-g84f7d21838 (webtiles) character file.

Game seed: 5045341481244997252

266 Newt the Skirmisher (level 6, -1/34 HPs)
             Began as a Kobold Hunter on Aug 10, 2022.
             Slain by an adder (2 damage)
             ... in a sewer.
             The game lasted 00:04:11 (2430 turns).

Newt the Skirmisher (Kobold Hunter)                 Turns: 2430, Time: 00:04:12

Health: -1/34      AC:  3    Str:  9    XL:     6   Next: 44%
Magic:  6/6        EV: 18    Int: 16    God:
Gold:   120        SH:  0    Dex: 20    Spells: 5/5 levels left

rFire   + . .      SeeInvis .   a - +1 shortbow (venom)
rCold   . . .      Faith    .   (shield currently unavailable)
rNeg    . . .      Spirit   .   c - +0 leather armour
rPois   +          Reflect  .   (helmet restricted)
rElec   +          Harm     .   (no cloak)
rCorr   .          Rampage  .   (no gloves)
Will    .....                   (no boots)
Stlth   ++........              (no amulet)
HPRegen 0.11/turn               e - +4 ring of evasion
MPRegen 0.10/turn               m - +6 ring of intelligence

@: attractive, very slow
A: small, no large weapons, nightstalker 3, horns 1, fire resistance 1, frail 1,
poison resistance, electricity resistance
a: no special abilities


You were in a sewer.
You visited 1 branch of the dungeon, and saw 3 of its levels.
You also visited: Sewer.

You collected 120 gold pieces.

Inventory:

Hand Weapons
 a - a +1 shortbow of venom (weapon)
Missiles
 f - a throwing net
Armour
 c - a +0 leather armour (worn)
 q - a +2 robe of positive energy
Jewellery
 e - a +4 ring of evasion (left hand)
 m - a +6 ring of intelligence (right hand)
Scrolls
 b - 2 scrolls of immolation
 k - a scroll of identify
 l - a scroll of vulnerability
Potions
 d - a potion of mutation
 g - a potion of flight
 h - a potion of invisibility {unknown}
 i - a potion of brilliance {unknown}
 n - 2 potions of curing
 o - a potion of magic {unknown}
 p - 2 potions of haste {unknown}
 r - a potion of attraction


   Skills:
 * Level 3.9 Fighting
 - Level 8.0 Ranged Weapons
 - Level 0.3 Armour
 - Level 2.4 Dodging
 * Level 3.5 Stealth


You had 5 spell levels left.
You didn't know any spells.
Your spell library was empty.

Dungeon Overview and Level Annotations

Branches:
Dungeon (3/15)              Sewer (1/1)

Altars:
Fedhas

Shops:
D:1 !


Innate Abilities, Weirdness & Mutations

You are small and have problems with some larger weapons.
You are completely attuned to the shadows.
You have a pair of small horns on your head.
Your flesh is heat resistant. (rF+)
You are frail. (-10% HP)
Your system is resistant to poisons. (rPois)
You are resistant to electric shocks. (rElec)


Message History

The adder poisons you!
You shoot an arrow. The arrow hits the ball python.
You kill the ball python!
You feel sick. The adder closely misses you. The adder barely misses you.
The rat completely misses you. The river rat barely misses you.
The adder misses you.
Unknown command.
Unknown command.
Unknown command.
The adder attacks as you move away! The adder bites you.
You are more poisoned.
The adder poisons you! The rat attacks as you move away! The rat misses you.
You feel very sick. The adder bites you.
* * * LOW HITPOINT WARNING * * *
You are lethally poisoned!
The adder poisons you! The adder closely misses you. The adder bites you.
* * * LOW HITPOINT WARNING * * *
It was a potion of curing.
You feel better. The adder bites you. The river rat barely misses you.
The adder bites you but does no damage.
As you read the scroll labelled QEFUHU QYTOMOC, it crumbles to dust.
It is a scroll of enchant weapon.
Your +0 shortbow of venom glows red for a moment.
The adder bites you but does no damage. The river rat barely misses you.
The adder bites you but does no damage. The adder closely misses you.
It was a potion of attraction.
You feel attractive to monsters. The adder bites you.
* * * LOW HITPOINT WARNING * * *
The river rat barely misses you. The adder completely misses you.
Okay, then.
Fire: a) +1 shortbow (venom)
Press: ? - help, Shift-Dir - straight line, f - adder
Aim: an adder (water, severely wounded, poisoned, 54% to hit)
You shoot an arrow. The arrow barely misses the adder.
The adder barely misses you. The adder closely misses you.
The river rat bites you!
* * * LOW HITPOINT WARNING * * *
The adder bites you.
You die...

..###......#####..##...######...#
.............##.......#####†..†..
.........†.............##........
.................................
..~~.........................~~.~
≈≈≈≈≈≈~...~........~~.~.~~.~.~≈≈≈
≈≈≈≈≈≈≈≈≈~..........≈≈≈≈≈≈≈≈≈≈≈≈≈
≈≈≈≈≈≈≈≈≈≈≈≈~.~r~~~≈≈≈≈≈≈≈≈≈≈≈≈≈≈
≈≈≈≈≈≈≈≈≈≈≈≈≈≈≈S@≈≈≈≈≈≈≈≈≈≈≈≈≈≈≈≈
≈≈≈≈≈≈≈≈≈≈≈≈S≈≈≈≈≈≈≈
≈≈≈≈~~..rrr~~~. .........~
#......... ##...†...


You could see 2 adders, a river rat and 3 rats.

Vanquished Creatures
  A kobold brigand (Sewer)
  A gnoll (D:1)
  7 adders
  3 river rats
  4 worms
  A dart slug (D:3)
  An orc (D:3)
  12 ball pythons
  4 endoplasms
  5 giant cockroaches
  6 hobgoblins
  2 jackals (D:1)
  3 quokkas
  7 bats
  7 frilled lizards
  4 goblins
  11 kobolds
  6 rats
85 creatures vanquished.

Notes
Turn   | Place    | Note
-------+----------+-------------------------------------------
     0 | D:1      | Newt the Kobold Hunter began the quest for the Orb.
     0 | D:1      | Reached XP level 1. HP: 12/12 MP: 1/1
    83 | D:1      | Reached skill level 6 in Ranged Weapons
    83 | D:1      | Reached XP level 2. HP: 17/17 MP: 2/2
   296 | D:1      | Found Pos Leekk's Distillery.
   300 | D:1      | Reached XP level 3. HP: 21/21 MP: 3/3
   623 | D:1      | Gained mutation: Your system is resistant to poisons.
                  | (rPois) [potion of mutation]
   623 | D:1      | Gained mutation: You are frail. (-10% HP) [potion of
                  | mutation]
   623 | D:1      | Gained mutation: You have hidden genetic potential. [potion
                  | of mutation]
   623 | D:1      | Gained mutation: You are resistant to electric shocks.
                  | (rElec) [potion of mutation]
   985 | D:2      | Reached skill level 7 in Ranged Weapons
   985 | D:2      | Reached XP level 4. HP: 22/23 MP: 4/4
  1148 | D:2      | Found a blossoming altar of Fedhas.
  1197 | D:2      | Found a faded altar of an unknown god.
  1259 | D:2      | Gained mutation: You have a pair of small horns on your
                  | head. [hidden potential]
  1437 | D:2      | Reached XP level 5. HP: 27/27 MP: 5/5
  1670 | D:2      | Reached skill level 8 in Ranged Weapons
  1695 | D:2      | Gained mutation: Your flesh is heat resistant. (rF+)
                  | [hidden potential]
  1695 | D:2      | Lost mutation: You have hidden genetic potential. [hidden
                  | potential expressed]
  2130 | D:3      | Found a glowing drain.
  2141 | Sewer    | Entered a sewer
  2202 | Sewer    | Noticed a kobold brigand
  2210 | Sewer    | Killed a kobold brigand
  2211 | Sewer    | Reached XP level 6. HP: 24/34 MP: 6/6
  2430 | Sewer    | HP: 1/34 [river rat (9)]
  2430 | Sewer    | Slain by an adder

Illustrated notes

Levels and vault maps discovered:
D:1:      elethiomel_arrival_shortcut, layout_basic, serial_shops, shop,
          minmay_cut_off
D:2:      layout_loops_cross, basic_altar, hellmonk_ecumenical_altar_crossroads,
          palyth_stone_intersect, nicolae_concentric_dashed_squares_mild,
          minmay_pentomino_u2
D:3:      layout_basic, portal_sewer_entry_a
Sewer:    sewer_minmay_treatment

Skill      XL: |  1  2  3  4  5 |
---------------+----------------+-----
Ranged Weapons | 6 7 8 |  8.0
Stealth        | 3 |  3.5
Fighting       | 3 |  3.9
Armour         | |  0.3
Dodging        | |  2.4

Action                   |  1- 3 |  4- 6 || total
-------------------------+-------+-------++-------
 Fire: Shortbow          |    69 |   112 ||   181
  Use: Scroll            |     3 |     6 ||     9
       Potion            |     1 |     2 ||     3
Armor: Leather armour    |     5 |    10 ||    15
Dodge: Dodged            |    21 |    58 ||    79

Table legend: (Time is in decaauts)
 A = Elapsed time spent in this place.
 B = Non-inter-level travel time spent in this place.
 C = Inter-level travel time spent in this place.
 D = Time resting spent in this place.
 E = Time spent auto-exploring this place.
 F = Levels seen in this place.
 G = Mean time per level.
                   A        B        C        D        E       F      G
               +--------+--------+--------+--------+--------+-----+--------+
         Total |   2467 |   2427 |     40 |    172 |   1869 |   4 |  616.8 |
       Dungeon |   2171 |   2131 |     40 |     62 |   1740 |   3 |  723.7 |
         Sewer |    295 |    295 |      0 |    110 |    129 |   1 |  295.0 |
               +--------+--------+--------+--------+--------+-----+--------+

Top non-repeatable levels by time:
     D:1: 947 daAuts
     D:2: 800 daAuts
     D:3: 423 daAuts
   Sewer: 295 daAuts
